 Dungeon Crawl Stone Soup version 0.20.1-1-g8b1a95d (webtiles) character file.

44 pstr the Digger (level 3, -3/19 HPs)
             Began as a Kobold Earth Elementalist on Dec 3, 2017.
             Slain by a quokka (4 damage)
             ... on level 2 of the Dungeon.
             The game lasted 00:03:50 (1319 turns).

pstr the Digger (Kobold Earth Elementalist)         Turns: 1319, Time: 00:03:50

Health: -3/19      AC:  2    Str:  5    XL:     3   Next: 85%
Magic:  1/6        EV: 15    Int: 17    God:
Gold:   55         SH:  0    Dex: 15    Spells: 1/7 levels left

rFire    . . .     SeeInvis .   (weapon restricted)
rCold    . . .     Gourm    .   (shield restricted)
rNeg     . . .     Faith    .   c - +0 robe
rPois    .         Spirit   .   (no helmet)
rElec    .         Reflect  .   (no cloak)
rCorr    .         Harm     .   (no gloves)
MR       .....                  (no boots)
Stlth    ++........             (no amulet)
Regen    0.1/turn               (no ring)
MPRegen  0.1/turn               (no ring)

@: lethally poisoned (-3 -> -5)
A: carnivore 3, low mp 1, mutation resistance 1, subdued magic 1, MP-powered
wands
a: no special abilities


You were on level 2 of the Dungeon.
You were very full.

You visited 1 branch of the dungeon, and saw 2 of its levels.

You collected 55 gold pieces.

Inventory:

Hand Weapons
 h - a +0 short sword
Missiles
 b - 97 stones (quivered)
Armour
 c - a +0 robe (worn)
 n - a +0 helmet
Jewellery
 m - a +3 ring of strength {unknown}
Scrolls
 a - a scroll of remove curse {unknown}
 f - a scroll of magic mapping {unknown}
 g - 2 scrolls of amnesia {unknown}
 j - a scroll of immolation {unknown}
 q - a scroll of identify {unknown}
Potions
 k - a potion of might {unknown}
 o - a potion of ambrosia {unknown}
 p - a potion of curing {unknown}
Books
 e - a book of Geomancy

   Spells                             Type                      Level
   a - Sandblast                      Earth                        1
   b - Passwall                       Transmutation/Earth          2
   c - Stone Arrow                    Conjuration/Earth            3
   d - Petrify                        Transmutation/Earth          4
   e - Lee's Rapid Deconstruction     Earth                        5
Comestibles
 d - 2 meat rations
 l - 3 royal jellies


   Skills:
 + Level 2.6 Dodging
 + Level 3.2 Stealth
 + Level 2.8 Spellcasting
 + Level 1.0 Transmutations
 + Level 3.7 Earth Magic


You had one spell level left.
You knew the following spells:

 Your Spells              Type           Power        Failure   Level  Hunger
a - Sandblast             Erth           ##....       2%          1    #......
b - Passwall              Tmut/Erth      #.........   8%          2    ##.....
c - Stone Arrow           Conj/Erth      #.....       21%         3    ###....


Dungeon Overview and Level Annotations

Branches:
Dungeon (2/15)

Altars:


Innate Abilities, Weirdness & Mutations

You are small and have problems with some larger weapons.
You are carnivorous and can eat meat at any time.
Your magical capacity is low. (-10% MP)
You are somewhat resistant to further mutation.
Your spells are a little easier to cast, but a little less powerful.
You expend magic power (3 MP) to strengthen your wands.


Message History

The adder misses you.
You feel sick.
Casting: Sandblast
Confirm with . or Enter, or press ? or * to list all spells.
Aiming: Sandblast
Press: ? - help, Shift-Dir - straight line, f/p - adder
Aim: an adder (almost dead)
The blast of sand hits the quokka.
The quokka is severely wounded.
b - 97 stones The quokka barely misses you.
The quokka closely misses you.
You feel sick.
You feel sick. The quokka bites you.
* * * LOW HITPOINT WARNING * * *
It was a potion of mutation.
You feel extremely strange.
Your connection to magic feels subdued.
You feel your magical essence link to your wands.
You feel less energetic.
You feel genetically stable. The quokka bites you.
You die...

##.##..........######.####.
.. #.##.########## #.# #.#
#. #.##.# #.# #.# #. #.##.#
#.# #.# #. #.##.# #.# ##.
#. #.##.# ##.## ## .
#.###.##.# #...#
...#.....##.##########
###..)###
#..).........Sr@....#
#.......#
#.#######..########.#
#.......# #..#
###.###.......# #..#
#.....###....## #..#
####............# ...(
............###>###
##.#######........###.##.
#<. .................##.
######.###.#######.


You could see an adder and a quokka.

Vanquished Creatures
  An adder (D:2)
  A worm (D:2)
  2 leopard geckos (D:1)
  A ball python (D:1)
  4 giant cockroaches (D:2)
  6 goblins
  2 hobgoblins (D:1)
  A quokka (D:2)
  A frilled lizard (D:1)
  5 kobolds
  3 rats
27 creatures vanquished.

Notes
Turn   | Place    | Note
-------+----------+-------------------------------------------
     0 | D:1      | pstr the Kobold Earth Elementalist began the quest for the Orb.
     0 | D:1      | Reached XP level 1. HP: 10/10 MP: 3/3
   113 | D:1      | Reached XP level 2. HP: 15/15 MP: 0/5
   741 | D:2      | Reached XP level 3. HP: 19/19 MP: 4/6
   745 | D:2      | Learned a level 2 spell: Passwall
   749 | D:2      | Learned a level 3 spell: Stone Arrow
  1319 | D:2      | Gained mutation: Your spells are a little easier to cast, but a little less powerful. [potion of mutation]
  1319 | D:2      | Gained mutation: You expend magic power (3 MP) to strengthen your wands. [potion of mutation]
  1319 | D:2      | Gained mutation: Your magical capacity is low. (-10% MP) [potion of mutation]
  1319 | D:2      | Gained mutation: You are somewhat resistant to further mutation. [potion of mutation]
  1319 | D:2      | Slain by a quokka

Skill      XL: |  1 |
---------------+----+-----
Stealth        | 3 |  3.2
Dodging        | |  2.6
Spellcasting   | |  2.8
Transmutations | |  1.0
Earth Magic    | |  3.7

Action                   || total
-------------------------++-------
 Cast: Sandblast         ||    30
       Stone Arrow       ||    10
  Use: Potion            ||     1
  Eat: Chunk             ||     9
Armor: Robe              ||     2
Dodge: Dodged            ||    13
